 Dungeon Crawl Stone Soup version 0.20.1-1-g8b1a95d (webtiles) character file.

289 equalderp2856 the Covered (level 6, -4/55 HPs)
             Began as a Minotaur Fighter on Aug 28, 2017.
             Shot with an arrow by a centaur (12 damage)
             ... on level 5 of the Dungeon.
             The game lasted 00:05:35 (2683 turns).

equalderp2856 the Covered (Minotaur Fighter)        Turns: 2683, Time: 00:05:36

Health: -4/55      AC:  7    Str: 21    XL:     6   Next: 9%
Magic:  5/5        EV:  8    Int:  5    God:
Gold:   119        SH: 10    Dex: 11    Spells: 5/5 levels left

rFire    . . .     SeeInvis .   a - +0 war axe
rCold    . . .     Gourm    .   c - +0 shield
rNeg     . . .     Faith    .   b - +0 scale mail
rPois    .         Spirit   .   (helmet restricted)
rElec    .         Reflect  .   (no cloak)
rCorr    .         Harm     .   (no gloves)
MR       .....                  (no boots)
Stlth    ..........             (no amulet)
Regen    0.2/turn               (no ring)
MPRegen  0.1/turn               (no ring)

@: glowing
A: retaliatory headbutt, horns 2
a: no special abilities


You were on level 5 of the Dungeon.
You were very hungry.

You visited 1 branch of the dungeon, and saw 5 of its levels.

You collected 119 gold pieces.

Inventory:

Hand Weapons
 a - a +0 war axe (weapon)
 o - a +1 antimagic hand axe
Armour
 b - a +0 scale mail (worn)
 c - a +0 shield (worn)
 e - a +2 cloak
Jewellery
 w - a +3 ring of evasion {unknown}
 A - an uncursed amulet of guardian spirit {unknown}
Wands
 C - a wand of flame (33/48)
Scrolls
 h - 2 scrolls of fear {unknown}
 k - a scroll of teleportation {unknown}
 l - a scroll of remove curse {unknown}
 n - 2 scrolls of enchant weapon {unknown}
 p - a scroll of amnesia {unknown}
 v - 6 scrolls of identify {unknown}
 y - a scroll of random uselessness {unknown}
 B - a scroll of immolation {unknown}
Potions
 d - a potion of might
 g - a potion of invisibility {unknown}
 i - 2 potions of haste {unknown}
 j - 2 potions of heal wounds {unknown}
 m - 2 potions of curing
 q - a potion of flight {unknown}
 r - a potion of magic {unknown}
 t - 2 potions of lignification {unknown}
 x - a potion of resistance {unknown}
Books
 u - a book of Minor Magic

   Spells                             Type                      Level
   a - Magic Dart                     Conjuration                  1
   b - Blink                          Translocation                2
   c - Call Imp                       Summoning                    2
   d - Slow                           Hexes                        2
   e - Conjure Flame                  Conjuration/Fire             3
   f - Mephitic Cloud                 Conjuration/Poison/Air       3
Comestibles
 f - 2 bread rations
 s - 2 fruits
 z - a meat ration


   Skills:
 + Level 4.8 Fighting
 + Level 4.5 Axes
 + Level 5.0 Armour
 + Level 1.3 Dodging
 + Level 5.0 Shields


You had 5 spell levels left.
You didn't know any spells.

Dungeon Overview and Level Annotations

Branches:
Dungeon (5/15)
 Temple: D:4-7

Altars:
Dithmenos
Okawaru
Uskayaw
Zin

Annotations:
D:4 BGT's ghost, amateur SpEn


Innate Abilities, Weirdness & Mutations

You reflexively headbutt those who attack you in melee.
You have a pair of horns on your head.


Message History

You kill the orc!
Your surroundings suddenly seem different.
A centaur comes into view.
The centaur shouts!
You hear an angry hiss.
You block the centaur's attack.
Found a silvery potion, 15 arrows and a trident.
Found a stone staircase leading down.
An iguana comes into view.
Your shield and scale mail prevent you from hitting the centaur.
Your headbutt misses the centaur. You block the centaur's attack.
The centaur hits you.
* * * LOW HITPOINT WARNING * * *
You hit the centaur but do no damage.
You are feeling very hungry.
The centaur hits you but does no damage. x2
The centaur wields a shortbow.
The centaur shoots an arrow.
The arrow hits you!
* * * LOW HITPOINT WARNING * * *
You see here an arrow.
The centaur shoots an arrow.
The arrow hits you!
You die...

#. ..... #.
.... .. ... #.
#.. ####.. ≈≈
......##≈# .
........≈# ..
.....##@≈#+#≈..
........≈≈.≈≈..
....!..lc..#...
...............
#####.....#.###
#.....#.#
#........
#.(..)....
..≈≈§....>.


You could see a centaur and an iguana.

Vanquished Creatures
  A sky beast (D:3)
  2 hounds
  A worker ant (D:4)
  An adder (D:2)
  2 oozes
  A worm (D:2)
  3 dart slugs
  5 leopard geckos
  6 orcs
  3 ball pythons
  4 bats
  2 giant cockroaches
  3 hobgoblins (D:1)
  15 jackals
  5 kobolds
  2 quokkas (D:4)
  8 frilled lizards
  7 goblins
  7 rats
78 creatures vanquished.

Notes
Turn   | Place    | Note
-------+----------+-------------------------------------------
     0 | D:1      | equalderp2856 the Minotaur Fighter began the quest for the Orb.
     0 | D:1      | Reached XP level 1. HP: 19/19 MP: 0/0
   202 | D:1      | Reached XP level 2. HP: 26/27 MP: 1/1
   495 | D:1      | Reached XP level 3. HP: 33/33 MP: 2/2
   804 | D:2      | Found a hide-covered altar of Uskayaw.
  1418 | D:3      | Reached XP level 4. HP: 41/41 MP: 3/3
  1557 | D:3      | Found a shadowy altar of Dithmenos.
  1912 | D:4      | Noticed BGT's ghost (amateur SpEn)
  2200 | D:4      | Noticed a sky beast
  2226 | D:4      | Found an iron altar of Okawaru.
  2237 | D:3      | Killed a sky beast
  2237 | D:3      | Reached skill level 1 in Dodging
  2237 | D:3      | Reached XP level 5. HP: 19/47 MP: 4/4
  2248 | D:3      | Reached skill level 5 in Shields
  2430 | D:3      | Reached skill level 5 in Armour
  2534 | D:4      | Found a glowing silver altar of Zin.
  2612 | D:4      | Reached XP level 6. HP: 45/53 MP: 5/5
  2675 | D:5      | Entered Level 5 of the Dungeon
  2683 | D:5      | Shot with an arrow by a centaur

Skill      XL: |  1  2  3  4  5 |
---------------+----------------+-----
Shields        | 4 5 |  5.0
Fighting       | 4 |  4.8
Armour         | 4 5 |  5.0
Axes           | 3 4 |  4.5
Dodging        | 1 |  1.3

Action                   |  1- 3 |  4- 6 || total
-------------------------+-------+-------++-------
Melee: War axe           |    98 |    89 ||   187
       Headbutt          |     8 |    12 ||    20
  Use: Potion            |       |     2 ||     2
  Eat: Chunk             |     1 |     4 ||     5
Armor: Scale mail        |    42 |    56 ||    98
Dodge: Dodged            |    27 |    34 ||    61
Block: Shield            |    43 |    69 ||   112
